 Dungeon Crawl Stone Soup version 0.30-a0-778-g2ef04afb54 (webtiles) character file.

Game seed: 9813488531998437374

55207 Darius099 the Executioner (level 14, -16/126 HPs)
             Began as a Minotaur Fighter on Feb 16, 2023.
             Was the Champion of Okawaru.
             Demolished by a dire elephant simulacrum (25 damage)
             ... animated by a necromancer
             ... on level 5 of the Lair of Beasts.
             The game lasted 00:58:01 (21394 turns).

Darius099 the Executioner (Minotaur Fighter)       Turns: 21394, Time: 00:58:02

Health: -16/126    AC: 23    Str: 28    XL:     14   Next: 37%
Magic:  26/26      EV:  6    Int: 10    God:    Okawaru [******]
Gold:   1430       SH: 15    Dex: 11    Spells: 13/13 levels left

rFire   + + .      SeeInvis .    E - +7 hand axe of Tension {drain, Int+5}
rCold   . . .      Faith    .    H - +0 tower shield
rNeg    . . .      Spirit   .    V - +2 chain mail {rF+}
rPois   .          Reflect  .    Q - +2 hat
rElec   .          Harm     .    k - +1 cloak
rCorr   +          Rampage  .    b - +0 pair of gloves
Will    ++...                    e - +1 pair of boots Stlth
                                 (no amulet)
HPRegen 0.41/turn                K - ring of Youthful Indiscretion {Will+ rCorr Str+3 Slay+2}
MPRegen 0.20/turn                D - ring of the Endless Expanse {rF+ MP+9 Stlth+}

@: no status effects
A: horns 2, retaliatory headbutt
a: Renounce Religion, Heroism, Finesse, Duel


You were on level 5 of the Lair of Beasts.
You worshipped Okawaru.
Okawaru was exalted by your worship.
You visited 3 branches of the dungeon, and saw 18 of its levels.
You also visited: Volcano.

You collected 1430 gold pieces.

Inventory:

Hand Weapons
 E - the +7 hand axe of Tension (weapon) {drain, Int+5}
   (You found it on level 5 of the Dungeon)

   Int:       It affects your intelligence (+5).
 T - a +0 executioner's axe of freezing
 Y - a +3 scimitar of flaming
Missiles
 f - 121 stones (quivered)
 v - 2 throwing nets
 N - 7 boomerangs
 W - 5 silver boomerangs
 X - 3 javelins
Armour
 b - a +0 pair of gloves (worn)
 e - a +1 pair of boots (worn)
 k - a +1 cloak (worn)
 l - a +0 plate armour
 H - a +0 tower shield (worn)
 Q - a +2 hat (worn)
 V - a +2 chain mail of fire resistance (worn)
Jewellery
 c - a ring of ice
 x - a ring of willpower
 D - the ring of the Endless Expanse (right hand) {rF+ MP+9 Stlth+}
   (You found it on level 5 of the Dungeon)

   [ring of protection from fire]

   rF:        It protects you from fire.
   MP:        It affects your magic capacity (+9).
   Stlth:     It makes you more stealthy.
 K - the ring of Youthful Indiscretion (left hand) {Will+ rCorr Str+3 Slay+2}
   (You found it on level 2 of the Lair of Beasts)

   [ring of willpower]

   Str:       It affects your strength (+3).
   Slay:      It affects your accuracy & damage with ranged weapons and melee
   (+2).
   rCorr:     It protects you from acid and corrosion.
   Will:      It increases your willpower.
 M - a ring of wizardry
 O - a ring of poison resistance
Wands
 u - a wand of polymorph (6)
 B - a wand of roots (20)
 L - a wand of flame (69)
 S - a wand of digging (9)
Scrolls
 a - 7 scrolls of identify
 g - 2 scrolls of enchant armour
 i - 9 scrolls of teleportation
 j - a scroll of butterflies {unknown}
 p - 2 scrolls of magic mapping
 r - 3 scrolls of poison
 s - 3 scrolls of fear
 y - 2 scrolls of silence
 A - 4 scrolls of fog
 G - a scroll of amnesia {unknown}
 I - 6 scrolls of immolation
 Z - a scroll of blinking
Potions
 d - 4 potions of might
 h - 3 potions of flight
 m - 3 potions of cancellation
 n - 2 potions of ambrosia {unknown}
 o - 4 potions of haste
 q - 8 potions of curing
 t - 4 potions of magic {unknown}
 w - 2 potions of heal wounds
 z - 3 potions of mutation {unknown}
 C - 3 potions of invisibility
 F - 2 potions of brilliance {unknown}
 J - 2 potions of attraction
 P - a potion of berserk rage {unknown}
 R - a potion of lignification {unknown}
 U - 2 potions of resistance


   Skills:
 + Level 12.0 Fighting
 - Level 21.4 Axes
 - Level 6.1 Throwing
 + Level 12.1 Armour
 + Level 9.5 Shields
 - Level 6.1 Invocations


You had 13 spell levels left.
You didn't know any spells.
Your spell library contained the following spells:

 Spells                   Type           Power      Damage    Failure   Level
 Apportation              Tloc           0%         N/A       100%        1
 Beastly Appendage        Tmut           0%         N/A       100%        1
 Kiss of Death            Conj/Necr      0%         2d5       100%        1
 Magic Dart               Conj           0%         1d3       100%        1
 Necrotise                Necr           0%         1d4       100%        1
 Blink                    Tloc           0%         N/A       100%        2
 Ensorcelled Hibernation  Hex/Ice        0%         N/A       100%        2
 Lesser Beckoning         Tloc           0%         N/A       100%        2
 Momentum Strike          Conj/Tloc      0%         3d8       100%        2
 Passwall                 Tmut/Erth      0%         N/A       100%        2
 Wereblood                Tmut           0%         N/A       100%        2
 Confusing Touch          Hex            0%         N/A       100%        3
 Gell's Gravitas          Tloc           0%         N/A       100%        3
 Mephitic Cloud           Conj/Pois/Air  0%         N/A       100%        3
 Spider Form              Tmut/Pois      0%         N/A       100%        3
 Swiftness                Air            0%         N/A       100%        3
 Teleport Other           Tloc           0%         N/A       100%        3
 Dispel Undead            Necr           0%         3d6       100%        4
 Summon Small Mammal      Summ           Unusable   N/A       N/A         1
 Call Imp                 Summ           Unusable   N/A       N/A         2

Dungeon Overview and Level Annotations

Branches:
Dungeon (12/15)            Temple (1/1) D:4            Lair (5/5) D:9
  Swamp (0/4) Lair:3        Snake (0/4) Lair:3        Slime (0/5) Lair:5
Volcano (visited)
    Orc: D:9-12

Altars:
Ashenzari
Cheibriados
Dithmenos
Elyvilon
Fedhas
Gozag
Hepliaklqana
Kikubaaqudgha
Makhleb
Nemelex Xobeh
Okawaru
Qazlal
Ru
Sif Muna
Trog
Uskayaw
Vehumet
Wu Jian
Xom
Yredelemnul
Zin
The Shining One
Jiyva

Shops:
D:5 *   D:9 *

Annotations:
Lair:5 exclusion: obsidian statue


Innate Abilities, Weirdness & Mutations

You have a pair of horns on your head.
You reflexively headbutt those who attack you in melee.


Message History

You drain the dire elephant. You slash the dire elephant simulacrum!
The dire elephant tramples you but does no damage.
You block the dire elephant's attack.
The dire elephant simulacrum barely misses you.
The dire elephant simulacrum trunk-slaps you but does no damage.
The necromancer hits you but does no damage.
You hit the necromancer. You headbutt the necromancer.
The necromancer is heavily wounded.
You slash the dire elephant!
You kill the dire elephant!
Okawaru accepts your kill.
You hit the dire elephant simulacrum.
A freezing mist starts to gather...
A dire elephant simulacrum comes into view.
You block the necromancer's attack.
You block the dire elephant simulacrum's attack. x2
You hit the necromancer. You drain the necromancer.
The necromancer is severely wounded.
You hit the dire elephant simulacrum. x2
You closely miss the necromancer. Your headbutt misses the necromancer.
The necromancer is severely wounded.
You hit the dire elephant simulacrum. x2; You block the necromancer's attack.
The dire elephant simulacrum tramples you!!
* * * LOW HITPOINT WARNING * * *
You hold your ground!
The dire elephant simulacrum trunk-slaps you.
* * * LOW HITPOINT WARNING * * *
The dire elephant simulacrum freezes you!!
* * * LOW HITPOINT WARNING * * *
You block the dire elephant simulacrum's attack. x2
You feel much better.
The necromancer hits you with a +0 bardiche.
* * * LOW HITPOINT WARNING * * *
The dire elephant simulacrum tramples you.
* * * LOW HITPOINT WARNING * * *
You hold your ground!
You block the dire elephant simulacrum's attack. x2
The dire elephant simulacrum trunk-slaps you!
* * * LOW HITPOINT WARNING * * *
The dire elephant simulacrum freezes you!!
You die...

#''####.#.........
##~≈≈.##.#........#
#~≈≈≈~.#.#.......##
#~~≈≈~~#.#.......##
#..~≈~##.#........#
#...~#..#........#
##Z####.##........#
#8p8#...#♣........#
#.@.#.###.........#
###ZZ##.##P..........
###.'..#..##...........
#...'..#.##♣...........
#...####.# ♣P........:.
##...'....# #♣..........
#....'.)######..........
#...##8..'...#♣.......##
##..P#####...##.......##


You could see a spectral anaconda, a necromancer (drained) and 2 dire elephant
simulacra.

Vanquished Creatures
  2 dire elephants (Lair:5)
  Fannar (Lair:1)
  4 hydras
  A two-headed ogre (D:10)
  Erica (D:8)
  A boulder beetle (D:11)
  5 death yaks
  Urug (D:10)
  2 spectral death yaks (Lair:5)
  2 skeletal warriors (Volcano)
  3 skysharks
  A swamp dragon (Lair:3)
  3 anaconda skeletons (Volcano)
  2 necromancers (Lair:5)
  2 deep elf zephyrmancers (D:9)
  2 cyclopes (D:11)
  2 ugly things (D:12)
  A black mamba (Lair:5)
  10 elephants (Lair:5)
  Maurice (D:8)
  5 gargoyles (Volcano)
  6 cane toads
  Psyche (D:8)
  2 dire elephant zombies (Lair:5)
  3 rime drakes
  5 komodo dragons
  3 trolls (D:12)
  5 polar bears
  A hornet (D:11)
  A spectral elephant (Lair:5)
  Prince Ribbit (Lair:1)
  27 blink frogs
  8 slime creatures
  An alligator skeleton (Volcano)
  2 flying skulls (Volcano)
  2 shadows
  46 yaks
  3 wyverns
  A death yak simulacrum (Lair:5)
  8 vampire mosquitoes
  4 basilisks
  A steam dragon (D:10)
  2 spectral cane toads (Lair:5)
  16 water moccasins
  3 nagas (Lair:3)
  A swamp drake (D:9)
  2 ice beasts (D:7)
  3 orc warriors
  A black bear (Lair:1)
  An elephant zombie (Lair:5)
  6 centaurs
  An ogre (D:4)
  10 wolves
  2 elephant skeletons (Lair:5)
  2 gnoll sergeants (D:10)
  9 bullfrogs
  3 necrophages
  Blork the orc (D:5)
  3 cane toad simulacra (Lair:5)
  2 scorpions (D:5)
  8 wights
  An elephant simulacrum (Lair:5)
  16 killer bees
  A spriggan skeleton (Volcano)
  5 howler monkeys
  A troll skeleton (Volcano)
  2 electric eels
  A crimson imp (D:9)
  A hound (D:4)
  14 jellies
  5 orc priests
  4 iguanas
  An iron imp (D:9)
  Natasha (thrice) (D:3)
  9 orc wizards
  5 naga skeletons (Volcano)
  11 gnolls
  3 adders
  A river rat (D:6)
  5 shadow imps
  A white imp (D:9)
  2 worms (D:4)
  A dart slug (D:1)
  45 orcs
  4 ball pythons
  4 bats
  9 endoplasms
  4 giant cockroaches
  5 goblins
  4 hobgoblins
  4 kobolds
  4 quokkas
  9 frilled lizards
  3 rats
447 creatures vanquished.

Vanquished Creatures (others)
  A killer bee (D:8)
  An iguana (Lair:3)
  2 orcs
  20 fungi
  90 plants
  30 withered plants (Lair:5)
144 creatures vanquished.

Grand Total: 591 creatures vanquished

Notes
Turn   | Place    | Note
-------+----------+-------------------------------------------
     0 | D:1      | Darius099 the Minotaur Fighter began the quest for the Orb.
     0 | D:1      | Reached XP level 1. HP: 19/19 MP: 0/0
   193 | D:1      | Reached XP level 2. HP: 26/27 MP: 1/1
   327 | D:1      | Reached skill level 3 in Axes
   651 | D:2      | Found a faded altar of an unknown god.
   696 | D:2      | Reached skill level 4 in Axes
   696 | D:2      | Reached XP level 3. HP: 12/33 MP: 2/2
   861 | D:2      | Reached XP level 4. HP: 37/40 MP: 3/3
   863 | D:2      | Reached skill level 5 in Axes
  1458 | D:3      | Reached skill level 6 in Axes
  1458 | D:3      | Reached XP level 5. HP: 46/46 MP: 4/4
  1773 | D:3      | Found a basalt altar of Yredelemnul.
  2230 | D:3      | Noticed Natasha
  2289 | D:3      | Killed Natasha
  2353 | D:3      | Noticed Natasha
  2357 | D:3      | Killed Natasha
  2358 | D:3      | Reached skill level 7 in Axes
  2418 | D:3      | Noticed Natasha
  2422 | D:3      | Killed Natasha
  2597 | D:4      | Found a staircase to the Ecumenical Temple.
  2608 | Temple   | Entered the Ecumenical Temple
  2779 | Temple   | Became a worshipper of Warmaster Okawaru
  2828 | D:4      | Reached XP level 6. HP: 49/52 MP: 5/5
  2867 | D:4      | Reached skill level 8 in Axes
  3548 | D:5      | Entered Level 5 of the Dungeon
  3672 | D:5      | Reached skill level 9 in Axes
  3672 | D:5      | Reached XP level 7. HP: 58/58 MP: 6/6
  3684 | D:5      | Reached * piety under Okawaru
  3889 | D:5      | Identified the ring of the Endless Expanse {rF+ MP+9
                  | Stlth+}
  4061 | D:5      | Noticed Blork the orc
  4070 | D:5      | Killed Blork the orc
  4136 | D:5      | Reached skill level 10 in Axes
  4192 | D:5      | Identified the +7 hand axe of Tension {drain, Int+5}
  4228 | D:5      | Identified the +2 leather armour of Wivosoj {Rampage}
  4302 | D:5      | Found Fuent's Neck Hole.
  4771 | D:6      | Reached skill level 11 in Axes
  4772 | D:6      | Reached ** piety under Okawaru
  4773 | D:6      | Reached XP level 8. HP: 28/66 MP: 7/7
  5129 | D:6      | Found a glowing drain.
  5627 | D:7      | Reached skill level 12 in Axes
  6169 | D:7      | Found a sparkling altar of Nemelex Xobeh.
  6173 | D:7      | Found an ornate altar of the Wu Jian Council.
  6176 | D:7      | Found a shimmering blue altar of Sif Muna.
  6443 | D:8      | Reached skill level 13 in Axes
  6549 | D:8      | Reached *** piety under Okawaru
  6561 | D:8      | Reached skill level 14 in Axes
  6561 | D:8      | Reached XP level 9. HP: 48/71 MP: 8/8
  6723 | D:8      | Noticed Erica
  6742 | D:8      | Killed Erica
  6743 | D:8      | Reached skill level 15 in Axes
  6860 | D:8      | Noticed Psyche
  6875 | D:8      | Killed Psyche
  6875 | D:8      | Reached **** piety under Okawaru
  6876 | D:8      | Reached skill level 16 in Axes
  7019 | D:8      | Noticed Maurice
  7041 | D:8      | Killed Maurice
  7072 | D:8      | Received a gift from Okawaru
  7224 | D:8      | Found an opulent altar of Gozag.
  7229 | D:8      | Reached XP level 10. HP: 78/78 MP: 9/9
  7330 | D:8      | Reached skill level 17 in Axes
  7801 | D:9      | Found Udiopnue's Assorted Antiques.
  8421 | D:9      | Identified the +6 mace of Wyrd {venom, Fragile rN+++
                  | Stlth+}
  8443 | D:9      | Found a staircase to the Lair.
  8456 | D:9      | Reached ***** piety under Okawaru
  8457 | D:9      | Reached skill level 18 in Axes
  9134 | D:9      | Noticed a deep elf zephyrmancer
  9138 | D:9      | Killed a deep elf zephyrmancer
  9157 | D:9      | Noticed a deep elf zephyrmancer
  9166 | D:9      | Killed a deep elf zephyrmancer
  9166 | D:9      | Received a gift from Okawaru
  9167 | D:9      | Reached skill level 19 in Axes
  9249 | D:10     | Entered Level 10 of the Dungeon
  9438 | D:10     | Noticed a two-headed ogre
  9448 | D:10     | Killed a two-headed ogre
  9539 | D:10     | Noticed Urug
  9557 | D:10     | Killed Urug
  9558 | D:10     | Reached XP level 11. HP: 61/83 MP: 10/10
  9940 | D:10     | Reached ****** piety under Okawaru
  9941 | D:10     | Reached skill level 20 in Axes
 10086 | D:10     | Received a gift from Okawaru
 10259 | D:10     | Identified the +1 rapier "Xicw" {heavy, *Corrode rF+++
                  | rN++}
 10879 | D:11     | Paralysed by a hornet for 1 turns
 11045 | D:11     | Noticed a boulder beetle
 11056 | D:11     | Killed a boulder beetle
 11057 | D:11     | Reached skill level 21 in Axes
 11280 | D:11     | Found a shadowy altar of Dithmenos.
 11647 | D:12     | Received a gift from Okawaru
 11732 | D:12     | Noticed a purple ugly thing
 11732 | D:12     | Noticed a cyan ugly thing
 11733 | D:12     | Noticed a boulder beetle
 11747 | D:12     | Killed a purple ugly thing
 11748 | D:12     | Reached skill level 1 in Throwing
 11748 | D:12     | Reached skill level 1 in Invocations
 11754 | D:12     | Killed a purple ugly thing
 12072 | D:11     | Reached skill level 5 in Armour
 12072 | D:11     | Reached XP level 12. HP: 70/93 MP: 12/12
 12817 | Lair:1   | Entered Level 1 of the Lair of Beasts
 12841 | Lair:1   | Reached skill level 5 in Fighting
 12855 | Lair:1   | Noticed Prince Ribbit
 12865 | Lair:1   | Killed Prince Ribbit
 13243 | Lair:1   | Noticed Fannar
 13259 | Lair:1   | Killed Fannar
 13259 | Lair:1   | Identified the +5 ring mail of a Million Deaths {Contam
                  | +Inv rN+ SInv} (Okawaru gifted it to you on level 1 of the
                  | Lair of Beasts)
 13259 | Lair:1   | Received a gift from Okawaru
 14339 | Lair:2   | Identified the ring of Youthful Indiscretion {Will+ rCorr
                  | Str+3 Slay+2}
 14430 | Lair:2   | Found a dark tunnel.
 14479 | Volcano  | Entered a volcano
 14638 | Volcano  | Reached skill level 5 in Throwing
 14638 | Volcano  | Reached skill level 5 in Invocations
 15436 | Lair:2   | Reached XP level 13. HP: 78/107 MP: 16/16
 16135 | Lair:3   | Received a gift from Okawaru
 16684 | Lair:3   | Found a staircase to the Snake Pit.
 16888 | Lair:3   | Received a gift from Okawaru
 17333 | Lair:3   | Found a staircase to the Swamp.
 17739 | Lair:4   | Received a gift from Okawaru
 17770 | Lair:4   | Reached skill level 5 in Shields
 17795 | Lair:4   | Identified the +4 acid dragon scales of Notah {rCorr Str+4
                  | Int+4 Dex-5} (Okawaru gifted it to you on level 4 of the
                  | Lair of Beasts)
 17795 | Lair:4   | Received a gift from Okawaru
 18912 | Lair:5   | Entered Level 5 of the Lair of Beasts
 18921 | Lair:5   | Reached skill level 10 in Fighting
 18921 | Lair:5   | Reached skill level 10 in Armour
 19962 | Lair:5   | Found a staircase to the Slime Pits.
 19963 | Lair:5   | Found a viscous altar of Jiyva.
 20096 | Lair:5   | Reached XP level 14. HP: 74/124 MP: 17/17
 20114 | Lair:5   | Received a gift from Okawaru
 20468 | Lair:5   | Received a gift from Okawaru
 21393 | Lair:5   | HP: 4/126 [dire elephant simulacrum[a necromancer] (30)]
 21394 | Lair:5   | Demolished by a dire elephant simulacrum

Illustrated notes

Levels and vault maps discovered:
D:1:      ebering_trefoil_3fold, layout_basic, minmay_lizard_king
D:2:      layout_loops_ring, chequers_ecumenical_altar_twisty,
          minmay_pentomino_w2
D:3:      layout_basic, yredelemnul_altar_generic, uniq_natasha
D:4:      layout_loops_ring, minmay_temple_entry_mist, minmay_bent
D:5:      layout_basic, serial_curves, eino_curves_03, eino_curves_01,
          eino_curves_04, grunt_ministairs_14, minmay_misc_feat_doors,
          nicolae_shop_sticking_my_neck_out, uniq_blork_the_orc
D:6:      kennysheep_big_flooded_room, layout_basic, portal_sewer_entry_b
D:7:      layout_loops_ring, grunt_temple_overflow_diamond
D:8:      layout_loops_corners, mainiacjoe_overflow_boulevard,
          lemuel_flame_loot_1, uniq_maurice, uniq_erica, uniq_psyche
D:9:      layout_loops_ring, david_lair_shrubbed, serial_shops,
          nicolae_shop_trees, serial_bayou, serial_bayou_pond_d,
          serial_bayou_crossing, serial_bayou_ford_a, serial_bayou_pond_d,
          grunt_decor_arrowhead, hangedman_minor_magic
D:10:     layout_loops_corners, kennysheep_nub, uniq_urug
D:11:     layout_roguey, nicolae_dithmenos_shadow_blocks
D:12:     layout_loops_ring, zombieorc2_lemuel, grunt_gozag_statues
Temple:   nicolae_temple_bog_church
Lair:1:   layout_hall_layers, uniq_prince_ribbit2, uniq_fannar
Lair:2:   layout_long_grid, enter_volcano_4
Lair:3:   layout_regular_city, minmay_swamp_entry_reptiles,
          minmay_snake_entry_guardpost_small, lemuel_fruit_fields,
          infiniplex_staircase_pool_2
Lair:4:   layout_regular_city, infiniplex_staircase_pool, grunt_megastairs_1
Lair:5:   due_jungle_book, layout_regular_city, minmay_slime_entry_jelly_boxes,
          serial_bayou_shore_a

Skill      XL: |  1  2  3  4  5  6  7  8  9 10 11 12 13 14 |
---------------+-------------------------------------------+-----
Axes           | 4 6 7 9 11 14 16 19 21 | 21.4
Fighting       | 4 8 11 12 | 12.0
Armour         | 5 8 11 12 | 12.1
Throwing       | 2 5 6 |  6.1
Invocations    | 2 5 6 |  6.1
Shields        | 8 9 |  9.5

Action                     |  1- 3 |  4- 6 |  7- 9 | 10-12 | 13-15 || total
---------------------------+-------+-------+-------+-------+-------++-------
  Melee: War axe           |    60 |   158 |    32 |       |       ||   250
         Headbutt          |     8 |    14 |    23 |   122 |   146 ||   313
         Hand axe          |       |       |   151 |   658 |   523 ||  1332
         Scimitar          |       |       |       |       |    29 ||    29
  Throw: Stone             |       |       |     3 |     2 |       ||     5
    Use: Scroll            |       |       |       |    19 |     3 ||    22
         Potion            |       |       |       |     2 |     4 ||     6
 Armour: Scale mail        |    22 |     1 |       |       |       ||    23
         Plate armour      |       |    80 |    81 |   263 |       ||   424
         Chain mail        |       |       |       |     7 |   370 ||   377
  Dodge: Dodged            |    28 |    31 |    36 |   116 |   101 ||   312
  Block: Buckler           |    11 |    26 |    27 |    52 |       ||   116
         Tower shield      |       |       |       |    58 |   409 ||   467
         Kite shield       |       |       |       |    43 |       ||    43

Table legend: (Time is in decaauts)
 A = Elapsed time spent in this place.
 B = Non-inter-level travel time spent in this place.
 C = Inter-level travel time spent in this place.
 D = Time resting spent in this place.
 E = Time spent auto-exploring this place.
 F = Levels seen in this place.
 G = Mean time per level.
                   A        B        C        D        E       F      G
               +--------+--------+--------+--------+--------+-----+--------+
         Total |  21267 |  19916 |   1351 |   5242 |   8999 |  19 | 1119.3 |
       Dungeon |  12660 |  11663 |    997 |   2201 |   6528 |  12 | 1055.0 |
        Temple |    211 |    167 |     44 |      0 |    140 |   1 |  211.0 |
          Lair |   7508 |   7198 |    310 |   2669 |   2330 |   5 | 1501.6 |
       Volcano |    886 |    886 |      0 |    372 |      0 |   1 |  886.0 |
               +--------+--------+--------+--------+--------+-----+--------+

Top non-repeatable levels by time:
  Lair:5: 1963 daAuts
  Lair:3: 1785 daAuts
     D:9: 1657 daAuts
    D:10: 1615 daAuts
  Lair:4: 1501 daAuts
     D:8: 1396 daAuts
  Lair:1: 1329 daAuts
    D:11: 1285 daAuts
     D:3: 1180 daAuts
     D:6: 1160 daAuts
     D:7: 945 daAuts
  Lair:2: 928 daAuts
 Volcano: 886 daAuts
     D:2: 880 daAuts
     D:5: 837 daAuts
